General information
- name: BNet
- type: Ladder team game (AT/RT)
- host: Battle.net
- saver: PERU-SLAYER.
map: Deadlands
- players: 8
- length: 37:08
- speed: Fast
- version: 1.26 W3XP
- replay type: Public
» download(204 KB)
Players
team 1 (winner)
ConDenz.MiLK. (
green | 41 APM | 1515 actions | 37:06)
2 Archmage
1 Summon Water Elemental
1 Blizzard
» actions
| Assign group hotkey | 54 | |
| Basic commands | 127 | |
| Build / train | 112 | |
| ESC pressed | 2 | |
| Enter build submenu | 33 | |
| Enter hero's abilities submenu | 2 | |
| Right click | 626 | |
| Select / deselect | 407 | |
| Select group hotkey | 105 | |
| Use ability | 47 | |
1515 total
» units
| Peasant | 33 | |
| Footman | 2 | |
| Siege Engine | 27 | |
| Flying Machine | 13 | |
75 total
» upgrades
| Gunpowder | 3 | |
| Lumber Harvesting | 1 | |
| Masonry | 2 | |
| Plating | 3 | |
| Barrage | 1 | |
| Armor | 1 | |
| Flak Cannons | 1 | |
| Flying Machine Bombs | 1 | |
13 total
» buildings
| Barracks | 1 | |
| Altar of Kings | 1 | |
| Farm | 11 | |
| Scout Tower | 12 | |
| Lumber Mill | 1 | |
| Arcane Tower | 3 | |
| Town Hall | 2 | |
| Keep | 1 | |
| Guard Tower | 9 | |
| Blacksmith | 1 | |
| Castle | 1 | |
| Workshop | 6 | |
| Cannon Tower | 4 | |
53 total
» build order
00:12 Barracks
00:24 Altar of Kings
00:37 Farm
00:53 Farm
01:45 Scout Tower
02:10 Lumber Mill
02:14 Arcane Tower
02:43 Farm
04:04 Town Hall
04:12 Scout Tower
04:17 Scout Tower
04:20 Scout Tower
04:24 Scout Tower
04:40 Keep
04:47 Guard Tower
04:47 Guard Tower
04:48 Guard Tower
05:01 Guard Tower
05:03 Guard Tower
05:15 Guard Tower
05:20 Guard Tower
05:33 Blacksmith
06:27 Scout Tower
06:37 Scout Tower
06:58 Guard Tower
07:03 Castle
07:04 Guard Tower
07:08 Workshop
07:14 Workshop
07:22 Workshop
07:52 Farm
07:56 Farm
07:57 Farm
07:58 Farm
08:13 Workshop
08:34 Workshop
08:47 Workshop
08:57 Farm
09:01 Farm
09:02 Farm
09:03 Farm
11:09 Scout Tower
11:48 Cannon Tower
13:24 Scout Tower
13:59 Cannon Tower
14:42 Scout Tower
14:46 Scout Tower
15:25 Cannon Tower
15:35 Scout Tower
17:40 Cannon Tower
28:15 Town Hall
Korea (
purple | 48 APM | 1791 actions | 37:06)
8 Priestess of the Moon
3 Trueshot Aura
2 Scout
1 Starfall
2 Searing Arrows
» actions
| Assign group hotkey | 4 | |
| Basic commands | 35 | |
| Build / train | 78 | |
| Enter build submenu | 27 | |
| Enter hero's abilities submenu | 8 | |
| Remove unit from queue | 1 | |
| Right click | 1020 | |
| Select / deselect | 512 | |
| Select group hotkey | 47 | |
| Use ability | 59 | |
1791 total
» units
| Wisp | 28 | |
| Huntress | 10 | |
| Chimaera | 23 | |
61 total
» upgrades
| Ultravision | 1 | |
| Corrosive Breath | 1 | |
| Strength of the Wild | 1 | |
| Reinforced Hides | 1 | |
4 total
» buildings
| Altar of Elders | 1 | |
| Moon Well | 8 | |
| Hunter's Hall | 1 | |
| Ancient of War | 2 | |
| Tree of Ages | 2 | |
| Ancient of Wind | 1 | |
| Tree of Eternity | 1 | |
| Tree of Life | 5 | |
| Chimaera Roost | 2 | |
| Ancient Protector | 4 | |
27 total
» build order
00:16 Altar of Elders
00:20 Moon Well
01:31 Hunter's Hall
01:43 Ancient of War
02:12 Moon Well
02:18 Ancient of War
03:11 Tree of Ages
04:16 Moon Well
05:43 Ancient of Wind
06:23 Tree of Eternity
06:48 Moon Well
07:46 Moon Well
08:07 Tree of Life
09:05 Chimaera Roost
09:46 Chimaera Roost
14:01 Ancient Protector
14:03 Ancient Protector
14:07 Ancient Protector
14:09 Ancient Protector
14:44 Moon Well
17:30 Tree of Life
21:55 Tree of Life
23:11 Tree of Ages
23:56 Moon Well
24:01 Moon Well
27:30 Tree of Life
31:47 Tree of Life

»
PERU-SLAYER. (
pink | 57 APM | 2120 actions | 37:08)
10 Goblin Tinker
3 Pocket Factory
3 Engineering Upgrade
1 Robo-Goblin
3 Cluster Rockets
» actions
| Assign group hotkey | 155 | |
| Basic commands | 25 | |
| Build / train | 69 | |
| Enter build submenu | 20 | |
| Enter hero's abilities submenu | 10 | |
| Give item / drop item | 5 | |
| Right click | 671 | |
| Select / deselect | 288 | |
| Select group hotkey | 770 | |
| Use ability | 107 | |
2120 total
» units
| Acolyte | 7 | |
| Ghoul | 3 | |
| Crypt Fiend | 2 | |
| Goblin Shredder | 2 | |
| Frost Wyrm | 5 | |
| Obsidian Statue | 3 | |
| Gargoyle | 3 | |
25 total
» upgrades
| Creature Attack | 3 | |
| Creature Carapace | 3 | |
| Freezing Breath | 1 | |
| Stone Form | 1 | |
| Destroyer Form | 1 | |
9 total
» buildings
| Graveyard | 2 | |
| Crypt | 3 | |
| Altar of Darkness | 1 | |
| Ziggurat | 14 | |
| Tomb of Relics | 1 | |
| Halls of the Dead | 1 | |
| Nerubian Tower | 1 | |
| Necropolis | 1 | |
| Spirit Tower | 5 | |
| Black Citadel | 2 | |
| Sacrificial Pit | 1 | |
| Boneyard | 3 | |
| Slaughterhouse | 3 | |
38 total
» build order
00:08 Graveyard
00:12 Crypt
00:43 Altar of Darkness
01:01 Ziggurat
01:30 Tomb of Relics
02:05 Ziggurat
03:14 Ziggurat
05:11 Halls of the Dead
05:56 Nerubian Tower
06:06 Necropolis
06:24 Ziggurat
06:24 Ziggurat
06:25 Ziggurat
06:27 Ziggurat
06:28 Ziggurat
07:20 Spirit Tower
07:22 Spirit Tower
07:23 Spirit Tower
07:26 Ziggurat
07:26 Ziggurat
07:27 Ziggurat
07:36 Ziggurat
07:36 Ziggurat
07:37 Ziggurat
08:32 Spirit Tower
08:34 Black Citadel
08:35 Black Citadel
08:37 Sacrificial Pit
09:51 Crypt
09:52 Crypt
09:56 Spirit Tower
10:57 Boneyard
11:00 Boneyard
11:01 Boneyard
12:49 Slaughterhouse
13:05 Graveyard
14:03 Slaughterhouse
14:06 Slaughterhouse
» items
| Rod of Necromancy | 2 | |
| Scroll of Town Portal | 4 | |
| Potion of Invisibility | 1 | |
| Potion of Lesser Invulnerability | 1 | |
| Staff of Teleportation | 1 | |
| Orb of Corruption | 1 | |
| Potion of Healing | 3 | |
| Scroll of Healing | 2 | |
15 total
KingOfAmerica (
blue | 43 APM | 1607 actions | 37:06)
9 Blademaster
3 Critical Strike
3 Wind Walk
1 Bladestorm
2 Mirror Image
» actions
| Assign group hotkey | 7 | |
| Build / train | 84 | |
| Enter build submenu | 15 | |
| Enter hero's abilities submenu | 9 | |
| Give item / drop item | 12 | |
| Remove unit from queue | 1 | |
| Right click | 676 | |
| Select / deselect | 208 | |
| Select group hotkey | 496 | |
| Use ability | 99 | |
1607 total
» units
| Peon | 15 | |
| Wind Rider | 10 | |
| Shaman | 5 | |
30 total
» upgrades
| Spiked Barricades | 3 | |
| Envenomed Spears | 1 | |
| Armor | 3 | |
| Ranged Weapons | 3 | |
| Reinforced Defenses | 1 | |
| Backpack | 1 | |
| Pillage | 1 | |
| Shaman Training | 2 | |
15 total
» buildings
| Altar of Storms | 1 | |
| Orc Burrow | 7 | |
| War Mill | 1 | |
| Voodoo Lounge | 1 | |
| Stronghold | 2 | |
| Watch Tower | 2 | |
| Fortress | 1 | |
| Beastiary | 3 | |
| Great Hall | 3 | |
| Spirit Lodge | 2 | |
23 total
» build order
00:07 Altar of Storms
00:19 Orc Burrow
01:16 War Mill
01:27 Voodoo Lounge
03:15 Stronghold
03:15 Stronghold
03:20 Watch Tower
03:21 Watch Tower
05:33 Orc Burrow
05:34 Orc Burrow
05:38 Orc Burrow
06:01 Fortress
06:05 Beastiary
06:08 Beastiary
06:18 Beastiary
11:12 Great Hall
16:07 Orc Burrow
16:07 Orc Burrow
16:08 Orc Burrow
19:57 Spirit Lodge
19:58 Spirit Lodge
24:38 Great Hall
31:52 Great Hall
» items
| Healing Salve | 5 | |
| Potion of Healing | 3 | |
| Orb of Lightning | 3 | |
| Scroll of Town Portal | 4 | |
| Lesser Clarity Potion | 5 | |
| Boots of Speed | 1 | |
| Potion of Mana | 4 | |
25 total
team 2 (loser)
DISCO-DUCK (
teal | 68 APM | 1761 actions | 25:50)
7 Mountain King
3 Storm Bolt
3 Bash
1 Avatar
» actions
| Assign group hotkey | 19 | |
| Basic commands | 11 | |
| Build / train | 67 | |
| Enter build submenu | 27 | |
| Enter hero's abilities submenu | 8 | |
| Give item / drop item | 3 | |
| Remove unit from queue | 2 | |
| Right click | 1077 | |
| Select / deselect | 233 | |
| Select group hotkey | 255 | |
| Use ability | 59 | |
1761 total
» units
| Peasant | 30 | |
| Rifleman | 10 | |
| Gryphon Rider | 2 | |
42 total
» upgrades
| Gunpowder | 1 | |
| Armor | 1 | |
| Storm Hammers | 1 | |
| Long Rifles | 1 | |
4 total
» buildings
| Altar of Kings | 1 | |
| Barracks | 1 | |
| Farm | 11 | |
| Blacksmith | 1 | |
| Scout Tower | 3 | |
| Keep | 1 | |
| Town Hall | 4 | |
| Arcane Vault | 1 | |
| Arcane Tower | 1 | |
| Lumber Mill | 1 | |
| Castle | 1 | |
| Gryphon Aviary | 4 | |
30 total
» build order
00:22 Altar of Kings
00:37 Barracks
00:53 Farm
01:14 Blacksmith
01:36 Farm
02:16 Farm
02:53 Farm
03:38 Farm
04:20 Scout Tower
04:34 Keep
05:46 Town Hall
06:03 Arcane Vault
06:39 Arcane Tower
06:43 Lumber Mill
08:10 Castle
08:51 Gryphon Aviary
08:56 Gryphon Aviary
09:13 Gryphon Aviary
09:46 Farm
09:47 Farm
10:26 Farm
10:27 Farm
11:17 Farm
11:20 Farm
13:18 Town Hall
13:38 Gryphon Aviary
15:22 Scout Tower
15:24 Scout Tower
17:08 Town Hall
21:53 Town Hall
» items
| Scroll of Regeneration | 1 | |
| Potion of Healing | 5 | |
| Orb of Fire | 1 | |
| Staff of Teleportation | 1 | |
8 total

»
ThurmanMerman (
red | 45 APM | 1198 actions | 26:20)
7 Blood Mage
3 Flame Strike
3 Siphon Mana
1 Summon Phoenix
2 Mountain King
1 Storm Bolt
1 Bash
» actions
| Assign group hotkey | 23 | |
| Basic commands | 3 | |
| Build / train | 96 | |
| Enter build submenu | 25 | |
| Enter hero's abilities submenu | 9 | |
| Remove unit from queue | 1 | |
| Right click | 394 | |
| Select / deselect | 294 | |
| Select group hotkey | 298 | |
| Use ability | 55 | |
1198 total
» units
| Peasant | 11 | |
| Footman | 7 | |
| Goblin Shredder | 1 | |
| Priest | 6 | |
| Sorceress | 3 | |
| Mortar Team | 3 | |
| Flying Machine | 21 | |
| Knight | 3 | |
55 total
» upgrades
| Masonry | 3 | |
| Magic Sentry | 1 | |
| Sorceress Training | 1 | |
| Priest Training | 2 | |
| Flare | 1 | |
| Gunpowder | 3 | |
| Flak Cannons | 1 | |
| Plating | 2 | |
| Flying Machine Bombs | 1 | |
15 total
» buildings
| Altar of Kings | 1 | |
| Farm | 11 | |
| Barracks | 1 | |
| Scout Tower | 10 | |
| Arcane Tower | 3 | |
| Lumber Mill | 1 | |
| Arcane Vault | 1 | |
| Keep | 1 | |
| Guard Tower | 6 | |
| Arcane Sanctum | 2 | |
| Blacksmith | 1 | |
| Workshop | 2 | |
| Town Hall | 1 | |
| Castle | 1 | |
42 total
» build order
00:08 Altar of Kings
00:13 Farm
00:53 Farm
01:13 Barracks
01:29 Scout Tower
02:00 Arcane Tower
02:04 Farm
02:17 Lumber Mill
02:36 Scout Tower
02:46 Arcane Vault
03:09 Arcane Tower
03:26 Scout Tower
03:57 Keep
04:08 Guard Tower
04:35 Farm
04:36 Farm
04:37 Farm
05:20 Scout Tower
05:51 Guard Tower
06:08 Scout Tower
06:47 Guard Tower
06:51 Arcane Sanctum
06:56 Blacksmith
07:14 Arcane Sanctum
09:11 Workshop
09:17 Workshop
09:32 Scout Tower
09:32 Scout Tower
09:47 Scout Tower
09:48 Scout Tower
10:11 Guard Tower
10:16 Scout Tower
10:18 Arcane Tower
10:19 Guard Tower
10:55 Town Hall
11:00 Guard Tower
11:41 Farm
11:42 Farm
11:43 Farm
11:44 Farm
11:45 Farm
13:46 Castle
» items
| Scroll of Town Portal | 1 | |
| Orb of Fire | 1 | |
| Potion of Healing | 1 | |
3 total

»
ascendantP (
orange | 20 APM | 733 actions | 37:06)
6 Lich
3 Frost Nova
2 Frost Armor
1 Death and Decay
5 Death Knight
2 Death Coil
2 Unholy Aura
1 Animate Dead
» actions
| Basic commands | 19 | |
| Build / train | 52 | |
| Enter build submenu | 28 | |
| Enter hero's abilities submenu | 11 | |
| Remove unit from queue | 1 | |
| Right click | 311 | |
| Select / deselect | 225 | |
| Use ability | 86 | |
733 total
» units
| Acolyte | 2 | |
| Ghoul | 6 | |
| Crypt Fiend | 6 | |
| Frost Wyrm | 4 | |
18 total
» upgrades
| Creature Attack | 3 | |
| Creature Carapace | 2 | |
| Web | 1 | |
| Burrow | 1 | |
| Freezing Breath | 1 | |
8 total
» buildings
| Ziggurat | 13 | |
| Altar of Darkness | 1 | |
| Graveyard | 2 | |
| Crypt | 3 | |
| Halls of the Dead | 1 | |
| Nerubian Tower | 1 | |
| Spirit Tower | 4 | |
| Black Citadel | 1 | |
| Sacrificial Pit | 1 | |
| Tomb of Relics | 1 | |
| Boneyard | 3 | |
| Necropolis | 2 | |
33 total
» build order
00:10 Ziggurat
00:13 Altar of Darkness
00:53 Graveyard
01:03 Crypt
01:23 Ziggurat
03:22 Halls of the Dead
04:11 Nerubian Tower
04:37 Ziggurat
04:42 Ziggurat
05:36 Spirit Tower
09:04 Black Citadel
09:08 Sacrificial Pit
09:13 Crypt
09:22 Crypt
10:44 Tomb of Relics
12:59 Boneyard
13:01 Boneyard
13:04 Boneyard
16:28 Ziggurat
16:33 Ziggurat
16:37 Ziggurat
16:41 Necropolis
17:44 Spirit Tower
17:55 Ziggurat
17:59 Ziggurat
18:01 Ziggurat
20:12 Graveyard
20:15 Ziggurat
20:27 Ziggurat
20:29 Ziggurat
22:11 Necropolis
23:47 Spirit Tower
24:54 Spirit Tower
» items
| Scroll of Town Portal | 2 | |
| Scroll of Healing | 1 | |
| Potion of Healing | 1 | |
4 total
Selfish_Prick (
yellow | 22 APM | 598 actions | 26:37)
7 Paladin
3 Devotion Aura
1 Holy Light
2 Divine Shield
1 Resurrection
» actions
| Basic commands | 2 | |
| Build / train | 76 | |
| Enter build submenu | 29 | |
| Enter hero's abilities submenu | 7 | |
| Remove unit from queue | 5 | |
| Right click | 200 | |
| Select / deselect | 218 | |
| Use ability | 61 | |
598 total
» units
| Peasant | 9 | |
| Footman | 10 | |
| Knight | 14 | |
| Siege Engine | 5 | |
| Mortar Team | 3 | |
41 total
» upgrades
| Defend | 1 | |
| Lumber Harvesting | 2 | |
| Swords | 1 | |
| Plating | 1 | |
| Masonry | 2 | |
| Fragmentation Shards | 2 | |
| Gunpowder | 2 | |
| Animal War Training | 1 | |
| Barrage | 1 | |
13 total
» buildings
| Altar of Kings | 2 | |
| Farm | 9 | |
| Barracks | 1 | |
| Scout Tower | 10 | |
| Keep | 1 | |
| Arcane Tower | 1 | |
| Lumber Mill | 1 | |
| Blacksmith | 1 | |
| Arcane Vault | 1 | |
| Castle | 1 | |
| Guard Tower | 5 | |
| Arcane Sanctum | 1 | |
| Town Hall | 1 | |
| Workshop | 2 | |
| Cannon Tower | 1 | |
38 total
» build order
00:09 Altar of Kings
00:12 Farm
00:24 Barracks
01:00 Farm
01:51 Farm
02:37 Scout Tower
03:03 Keep
03:25 Arcane Tower
04:00 Lumber Mill
04:33 Blacksmith
04:37 Arcane Vault
05:02 Farm
05:05 Farm
05:57 Scout Tower
07:33 Castle
07:37 Guard Tower
07:45 Scout Tower
07:59 Arcane Sanctum
08:33 Guard Tower
08:43 Town Hall
09:22 Workshop
10:56 Farm
11:45 Farm
13:18 Scout Tower
13:37 Farm
14:22 Cannon Tower
14:30 Farm
16:13 Scout Tower
17:21 Cannon Tower
17:24 Scout Tower
17:57 Guard Tower
18:00 Scout Tower
19:19 Altar of Kings
21:52 Scout Tower
22:33 Guard Tower
22:47 Workshop
22:57 Scout Tower
23:00 Scout Tower
24:19 Guard Tower
Chat log
(00:20 / Allies) ConDenz.MiLK.: pink, new player or new account?
(00:31 / Allies) PERU-SLAYER.: former rank 2 rt
(00:33 / Allies) KingOfAmerica: of course new acc.
(00:38 / Allies) Korea: huntz here
(00:40 / Allies) Korea: to start
(00:49 / Allies) PERU-SLAYER.: you will address me as sir
(00:55 / Allies) Korea: we have the 4 races
(00:55 / Allies) Korea: lol
(00:58 / Allies) ConDenz.MiLK.: any tips so we can win
(01:05 / Allies) PERU-SLAYER.: BUY TP'S
(01:33 / Allies) PERU-SLAYER.: these creeps
(01:35 / Allies) PERU-SLAYER.: are niggers
(01:36 / Allies) PERU-SLAYER.: i swear
(01:59 / Allies) KingOfAmerica: purp are you korrean?
(01:59 / Allies) Korea: peru
(02:02 / Allies) Korea: ur hero
(02:03 / Allies) Korea: no
(02:12 / Allies) PERU-SLAYER.: alter hero fool
(02:29 / Allies) Korea: dont call me fool
(02:33 / Allies) Korea: ill kill u
(02:35 / Allies) Korea: ok?
(02:36 / Allies) KingOfAmerica: just asking cuz im mix with 3 races
(02:36 / Allies) PERU-SLAYER.: ok sorry
(03:47 / Allies) PERU-SLAYER.: by kill u just mean in game and not irl right
(04:01 / Allies) Korea: lol
(04:14 / Allies) PERU-SLAYER.: i would have to report u tto blizzard if it was a threat irl
(04:29 / Allies) Korea: ill kill
(04:32 / Allies) Korea: all ur damn units
(04:37 / Allies) Korea: uf i call me
(04:37 / Allies) Korea: fooll
(04:39 / Allies) Korea: ok?
(04:50 / Allies) Korea: so
(04:56 / Allies) Korea: wanna feed from me?
(04:59 / Allies) Korea: to get frosts?
(05:00 / Allies) Korea: or what?
(08:43 / Allies) PERU-SLAYER.: 100 wood
(08:59 / Allies) Korea: looks easy
(08:59 / Allies) Korea: come
(10:48 / Allies) KingOfAmerica: gold?
(11:21 / Allies) Korea: anyone
(11:24 / Allies) Korea: wanna hit?
(14:22 / Allies) Korea: orc
(14:23 / Allies) Korea: lol
(14:28 / Allies) Korea: use ur gold
(14:59 / Allies) PERU-SLAYER.: tp niggas
(16:09 / Allies) Korea: retards
(16:10 / Allies) Korea: help
(16:11 / Allies) Korea: here
(16:12 / Allies) Korea: lol
(16:13 / Allies) Korea: wake up
(17:31 / Allies) Korea: ty
(17:59 / Allies) Korea: b
(19:15 / All) DISCO-DUCK: close
(19:35 / Allies) Korea: orc
(19:36 / Allies) Korea: get chamans
(20:12 / Allies) Korea: b
(20:15 / Allies) PERU-SLAYER.: bats
(21:16 / Allies) PERU-SLAYER.: ill force a tp
(21:21 / Allies) Korea: ok
(21:23 / Allies) ConDenz.MiLK.: REPAIR
(22:22 / Allies) PERU-SLAYER.: one of u needs real units lolz
(23:34 / Allies) PERU-SLAYER.: blue is a dumb nigger
(23:39 / Allies) Korea: ya
(25:31 / Allies) Korea: anyone
(25:32 / Allies) Korea: tp
(25:34 / All) DISCO-DUCK: gg
(26:37 / Allies) Korea: gold?
(27:06 / Allies) PERU-SLAYER.: god dammit
(27:30 / All) PERU-SLAYER.: i completely forgot about oj
(28:12 / Allies) Korea: go
(28:40 / Allies) PERU-SLAYER.: im gonna chill for a bit
(28:56 / All) Korea: leave
(28:59 / All) Korea: zzz
(30:03 / All) KingOfAmerica: wtf
(30:04 / 8) PERU-SLAYER.: ill stab my team if u want
(30:06 / 8) PERU-SLAYER.: i dont care
(30:12 / All) KingOfAmerica: did u kill my hero oj?
(30:19 / All) PERU-SLAYER.: green did
(31:14 / Allies) Korea: ty
(31:27 / All) ascendantP: ok, do it
(32:15 / All) ascendantP: cops gone
(32:32 / All) PERU-SLAYER.: actually i cant stop those tanks nvm
(33:09 / Allies) Korea: XD
(34:04 / All) ascendantP: lol
(34:23 / All) ascendantP: going to build a new nec
(36:10 / All) PERU-SLAYER.: for w/e reason everybody just stopped
(36:26 / All) Korea: -.-
(36:28 / All) ascendantP: where's my secret ally.. Lol
(36:33 / All) PERU-SLAYER.: i already told u
(36:36 / All) PERU-SLAYER.: i cant stop greens tanks
(36:56 / All) ascendantP: u were suppose to be a secret
(37:04 / All) ascendantP: l;ol